[Event "*** SCC Grand Prix: Titled Tuesday Blitz"]
[Site "Chess.com"]
[Date "2020.10.13"]
[Round "6"]
[White "KarstenHansch"]
[Black "ExcitingTrap"]
[Result "0-1"]
[WhiteElo "2450"]
[BlackElo "2303"]
[TimeControl "180+1"]
[EndTime "11:03:46 PDT"]
[Termination "ExcitingTrap won by resignation"]

1. d4 Nf6 2. c4 g6 3. Nc3 Bg7 4. e4 d6 5. Nf3 O-O 6. Be2 e5 7. O-O Nc6 8. d5 Ne7 9. Nd2 Ne8 10. b4 f5 11. c5 f4 12. Bg4 a5 13. Bxc8 Qxc8 14.
cxd6 Nxd6 15. Qb3 g5 16. f3 g4 17. Nc4 Ng6 18. bxa5 gxf3 19. gxf3 Qh3 20. Nxd6 Nh4 21. Qc2 cxd6 22. Qf2 Rf6 23. Kh1 Rg6 0-1

[Event "*** SCC Grand Prix: Titled Tuesday Blitz"]
[Site "Chess.com"]
[Date "2020.10.13"]
[Round "6"]
[White "Leonid_Starozhilov"]
[Black "PhileKhoob"]
[Result "1-0"]
[WhiteElo "2643"]
[BlackElo "2500"]
[TimeControl "180+1"]
[EndTime "11:03:47 PDT"]
[Termination "Leonid_Starozhilov won by resignation"]

1. e4 c5 2. Nf3 d6 3. Bb5+ Bd7 4. Bxd7+ Qxd7 5. O-O Nf6 6. Re1 e6 7. c4 Nc6 8. Nc3 Be7 9. d4 cxd4 10. Nxd4 O-O 11.
b3 a6 12. Bb2 Rac8 13. a4 Qc7 14. h3 Rfd8 15. Rc1 Qa5 16. Ba3 Nb4 17. Qd2 Kf8 18.
Nd5 Nc6 19. Qxa5 Nxa5 20. Nxe7 Kxe7 21. e5 Ne8 22. exd6+ Nxd6 23. Nf5+ Kf6 24. Nxd6 Nxb3 25.
Nxc8 Nxc1 26. Be7+ 1-0

[Event "*** SCC Grand Prix: Titled Tuesday Blitz"]
[Site "Chess.com"]
[Date "2020.10.13"]
[Round "6"]
[White "EddieMarsalla"]
[Black "zmeeed67"]
[Result "1/2-1/2"]
[WhiteElo "2556"]
[BlackElo "2356"]
[TimeControl "180+1"]
[EndTime "11:03:57 PDT"]
[Termination "Game drawn by repetition"]

1. d4 Nc6 2. Bg5 h6 3. Bh4 g5 4. Bg3 Bg7 5. c3 d6 6. Nd2 f5 7. e3 e5 8. Qh5+ Kf8 9. dxe5 dxe5 10. Bc4 Qe7 11. h4 f4 12. hxg5 fxg3 13. fxg3 hxg5 14. Qf3+ Qf6 15. Rxh8 Bxh8 16. Qe2 Be6 17. O-O-O Ke7 18. Ne4 Qg6 19. Bxe6 Qxe6 20. Nxg5 Qxa2 21. Qh5 Nf6 22. Qg6 Qa1+ 23. Kc2 Qa4+ 24. Kc1 Qa1+ 25. Kc2 Qa4+ 26.
Kc1 Qa1+ 1/2-1/2

[Event "*** SCC Grand Prix: Titled Tuesday Blitz"]
[Site "Chess.com"]
[Date "2020.10.13"]
[Round "6"]
[White "MrChampion_Coach"]
[Black "Matveev_Vladimir"]
[Result "0-1"]
[WhiteElo "2357"]
[BlackElo "2679"]
[TimeControl "180+1"]
[EndTime "11:04:00 PDT"]
[Termination "Matveev_Vladimir won by checkmate"]

1. d4 Nf6 2. c4 g6 3. Nc3 Bg7 4. e4 O-O 5. Be2 d6 6. Bg5 h6 7.
Be3 c5 8. Qd2 cxd4 9. Bxd4 Nc6 10. Be3 Kh7 11. h3 Qa5 12. Nf3 Be6 13. O-O Rac8 14.
a3 Ne5 15. Nxe5 Qxe5 16. f4 Qa5 17. b3 a6 18. f5 Bd7 19. b4 Qe5 20. fxg6+ fxg6 21. Bd3 Ng4 22. Nd5 Qh2# 0-1

[Event "*** SCC Grand Prix: Titled Tuesday Blitz"]
[Site "Chess.com"]
[Date "2020.10.13"]
[Round "6"]
[White "BJthechessgod"]
[Black "WonderChampion"]
[Result "1-0"]
[WhiteElo "2253"]
[BlackElo "2013"]
[TimeControl "180+1"]
[EndTime "11:04:03 PDT"]
[Termination "BJthechessgod won by checkmate"]

1. e4 c5 2. Nf3 g6 3. d4 cxd4 4. Nxd4 Nc6 5. Nc3 Bg7 6. Be3 Nf6 7. Bc4 O-O 8. Bb3 d6 9. f3 Bd7 10. Qd2 Bh8 11. O-O-O a6 12. g4 b5 13. h4 b4 14. Nd5 a5 15. h5 a4 16. hxg6 hxg6 17. Qh2 Nh5 18. gxh5 axb3 19. hxg6 Kg7 20. Qh7# 1-0

[Event "*** SCC Grand Prix: Titled Tuesday Blitz"]
[Site "Chess.com"]
[Date "2020.10.13"]
[Round "6"]
[White "elohunter1999"]
[Black "Gabix_94"]
[Result "0-1"]
[WhiteElo "2609"]
[BlackElo "2787"]
[TimeControl "180+1"]
[EndTime "11:04:24 PDT"]
[Termination "Gabix_94 won by resignation"]

1. e4 c5 2. Nf3 d6 3. d4 cxd4 4. Nxd4 Nf6 5. Nc3 Nc6 6. Bg5 Bd7 7. Qd2 Rc8 8. f4 Nxd4 9. Qxd4 Qa5 10. e5 dxe5 11. fxe5 e6 12. O-O-O Bc6 13. Nb5 Nd5 14. Qxa7 Qb4 15. Be2 Bc5 16. a3 Qxb5 17. Bxb5 Bxa7 18. Bxc6+ Rxc6 19. Kb1 O-O 0-1

[Event "*** SCC Grand Prix: Titled Tuesday Blitz"]
[Site "Chess.com"]
[Date "2020.10.13"]
[Round "6"]
[White "icychess54"]
[Black "Caterpiller35"]
[Result "0-1"]
[WhiteElo "2277"]
[BlackElo "2451"]
[TimeControl "180+1"]
[EndTime "11:04:26 PDT"]
[Termination "Caterpiller35 won by checkmate"]

1. c4 e5 2. Nc3 Nc6 3. Nf3 Bc5 4. e3 d6 5. Be2 a6 6. O-O Ba7 7. a3 f5 8. d4 e4 9. Nd2 Nf6 10. b4 O-O 11. Bb2 Qe8 12. d5 Ne5 13. Nb3 Qg6 14. Nd4 f4 15. exf4 Bxd4 16. fxe5 Bh3 17. g3 Bxe5 18.
Re1 e3 19. fxe3 Bxg3 20. Bd3 Bf2+ 21. Kxf2 Qg2# 0-1

[Event "*** SCC Grand Prix: Titled Tuesday Blitz"]
[Site "Chess.com"]
[Date "2020.10.13"]
[Round "6"]
[White "IANOV0007"]
[Black "romulocardoso"]
[Result "1-0"]
[WhiteElo "2450"]
[BlackElo "2097"]
[TimeControl "180+1"]
[EndTime "11:04:33 PDT"]
[Termination "IANOV0007 won by checkmate"]

1. Nf3 Nf6 2. g3 e6 3. Bg2 d5 4. O-O b6 5. b3 Bb7 6. Bb2 Nbd7 7. c4 Ne4 8. d3 Nef6 9. cxd5 exd5 10. d4 Bd6 11.
Nc3 Ne4 12. Nb5 Bb4 13. a3 c6 14. axb4 cxb5 15. Ne5 O-O 16. Qd3 Qe7 17. Qxb5 a6 18.
Qxd7 Qxb4 19. Qxb7 Nd2 20. Qxd5 Rad8 21. Qb7 Nxf1 22.
Rxf1 Qxb3 23. Ba1 a5 24. Nc6 Ra8 25. d5 a4 26. Ne7+ Kh8 27. Nf5 Rab8 28. Bxg7+ Kg8 29.
Qe7 Rfe8 30. Qg5 Rxe2 31. Nh6# 1-0

[Event "*** SCC Grand Prix: Titled Tuesday Blitz"]
[Site "Chess.com"]
[Date "2020.10.13"]
[Round "6"]
[White "northridgehawk"]
[Black "Chessbard1972"]
[Result "1-0"]
[WhiteElo "2224"]
[BlackElo "2348"]
[TimeControl "180+1"]
[EndTime "11:04:37 PDT"]
[Termination "northridgehawk won by checkmate"]

1. e4 c5 2. Nf3 a6 3. d4 cxd4 4. Nxd4 e6 5. c4 Nf6 6. Nc3 Qc7 7. Be2 Bb4 8. Qd3 Nc6 9. O-O Ne5 10. Qg3 Bxc3 11. bxc3 Nxe4 12. Qxg7 Ng6 13. Bd3 f5 14. Nxe6 Qd6 15. Bxe4 fxe4 16. Ng5 Qe7 17. Qd4 Qe5 18. Re1 O-O 19. Rxe4 Qf5 20. Nf3 d6 21. Bh6 Rd8 22.
Rae1 Qf7 23. Re8+ Rxe8 24. Rxe8+ Nf8 25. Ng5 Be6 26. Rxa8 Qg6 27. Rxf8# 1-0

[Event "*** SCC Grand Prix: Titled Tuesday Blitz"]
[Site "Chess.com"]
[Date "2020.10.13"]
[Round "6"]
[White "GelmanAlexander"]
[Black "glebus008"]
[Result "1-0"]
[WhiteElo "2578"]
[BlackElo "2322"]
[TimeControl "180+1"]
[EndTime "11:04:38 PDT"]
[Termination "GelmanAlexander won by checkmate"]

1. d4 d5 2. Nc3 c6 3. Bf4 Nf6 4. f3 Bf5 5. g4 Bg6 6. h4 h6 7. e3 e6 8. Nge2 Bd6 9. Qd2 Bxf4 10. Nxf4 Bh7 11. O-O-O Nbd7 12. g5 Ng8 13. e4 Qe7 14.
exd5 cxd5 15. Ncxd5 exd5 16. Re1 Rc8 17. Bd3 Bxd3 18.
Qxd3 hxg5 19. Nxd5 Qxe1+ 20. Rxe1+ Kf8 21. Qf5 Ngf6 22.
Nxf6 gxf6 23. Qxd7 Kg7 24. hxg5 fxg5 25. Qxb7 Rce8 26. Rxe8 Rxe8 27. Qxa7 Rh8 28. b4 Rh1+ 29. Kb2 Rf1 30. b5 Rxf3 31. b6 g4 32. b7 g3 33.
b8=Q g2 34. Qe5+ Kg6 35. Qe4+ Rf5 36. Qxg2+ Kf6 37. Qb6+ Ke7 38. Qe4+ Kf8 39. Qxf5 Kg8 40. Qd8+ Kg7 41. Qdf6+ Kg8 42. Qxf7+ Kh8 43. Q5h7# 1-0

[Event "*** SCC Grand Prix: Titled Tuesday Blitz"]
[Site "Chess.com"]
[Date "2020.10.13"]
[Round "6"]
[White "Chamal_Gedgafov"]
[Black "davigator"]
[Result "0-1"]
[WhiteElo "2164"]
[BlackElo "2337"]
[TimeControl "180+1"]
[EndTime "11:04:50 PDT"]
[Termination "davigator won by resignation"]

1. d4 Nf6 2. c4 e6 3. Nf3 Bb4+ 4.
Nbd2 b6 5. g3 a5 6. Bg2 Ba6 7.
O-O c6 8. a3 Be7 9. e4 d5 10.
e5 Nfd7 11. Qc2 O-O 12. b3 Ra7 13. Bb2 Rc7 14. Rac1 Rc8 15. Rfd1 Re8 16. Ne1 f5 17.
exf6 Nxf6 18. Nef3 Nbd7 19. Re1 Nf8 20. Ne5 Bd6 21.
c5 bxc5 22. dxc5 Be7 23. b4 axb4 24. axb4 Bb5 25. Nb3 N6d7 26. Qc3 Nxe5 27. Qxe5 Bf6 28. Qh5 Bxb2 29. Rb1 Bc3 30. Red1 e5 31. Nd4 exd4 0-1

[Event "*** SCC Grand Prix: Titled Tuesday Blitz"]
[Site "Chess.com"]
[Date "2020.10.13"]
[Round "6"]
[White "PlotnikovPavel"]
[Black "CzechmVIII"]
[Result "1-0"]
[WhiteElo "2379"]
[BlackElo "2171"]
[TimeControl "180+1"]
[EndTime "11:04:52 PDT"]
[Termination "PlotnikovPavel won by resignation"]

1. e4 c5 2. Nc3 Nc6 3. Bb5 Nd4 4.
Nf3 a6 5. Bd3 g6 6. O-O Bg7 7. b3 Nxf3+ 8. Qxf3 d6 9. Bb2 Nf6 10.
a4 O-O 11. Bc4 Bg4 12. Qg3 Be6 13. d3 Bxc4 14. bxc4 Nd7 15. Rab1 Re8 16. Nd5 e6 17. Ne3 Ne5 18. f4 Nc6 19. Bxg7 Kxg7 20. Rxb7 Nd4 21. Qf2 Rb8 22. Rxb8 Qxb8 23. f5 exf5 24. exf5 Rxe3 25. f6+ Kh8 26. Qxe3 Nf5 27. Qg5 Qb2 28. Rxf5 Qb1+ 29. Rf1 1-0

[Event "*** SCC Grand Prix: Titled Tuesday Blitz"]
[Site "Chess.com"]
[Date "2020.10.13"]
[Round "6"]
[White "Oglob71"]
[Black "Srisshhhtea"]
[Result "1/2-1/2"]
[WhiteElo "2488"]
[BlackElo "2285"]
[TimeControl "180+1"]
[EndTime "11:04:54 PDT"]
[Termination "Game drawn by repetition"]

1. d4 d5 2. c4 e6 3. Nf3 Nf6 4. Qc2 Be7 5. Bg5 O-O 6. e3 h6 7. Bh4 b6 8. Nc3 Bb7 9. Bxf6 Bxf6 10. cxd5 exd5 11. Rd1 Qe7 12. Be2 Rd8 13. O-O c5 14.
dxc5 bxc5 15. Na4 Nd7 16. b3 Rac8 17. Bd3 Nb6 18. Bf5 Rc7 19. Nc3 d4 20. Nb5 Bxf3 21.
gxf3 Rb7 22. Be4 Rbb8 23. Na3 Qe5 24. f4 Qh5 25. Nc4 Nd5 26. Bxd5 Rxd5 27. e4 Qg4+ 28. Kh1 Qf3+ 29. Kg1 d3 30. Qd2 Qg4+ 31. Kh1 Qf3+ 32.
Kg1 Qg4+ 33. Kh1 Qf3+ 34. Kg1 1/2-1/2

[Event "*** SCC Grand Prix: Titled Tuesday Blitz"]
[Site "Chess.com"]
[Date "2020.10.13"]
[Round "6"]
[White "RoelandPruijssers"]
[Black "tk22h"]
[Result "1-0"]
[WhiteElo "2482"]
[BlackElo "2318"]
[TimeControl "180+1"]
[EndTime "11:04:59 PDT"]
[Termination "RoelandPruijssers won by checkmate"]

1. e4 e5 2. f4 d5 3. exd5 exf4 4. Nf3 Nf6 5. Bc4 Nxd5 6. O-O Be6 7. d4 g5 8. Re1 Bg7 9. Nc3 Nxc3 10. bxc3 O-O 11. Rxe6 fxe6 12. Bxe6+ Kh8 13. Qd3 Nc6 14. Ba3 Qf6 15. Bxf8 Rxf8 16. Re1 h6 17. Bg4 Qd6 18.
Re6 Qa3 19. Qg6 Qxc3 20. Bf5 Kg8 21. Qh7+ Kf7 22. Rf6+ Kxf6 23. Qg6+ Ke7 24. Qe6+ Kd8 25. Qd7# 1-0

[Event "*** SCC Grand Prix: Titled Tuesday Blitz"]
[Site "Chess.com"]
[Date "2020.10.13"]
[Round "6"]
[White "ViktoriyaTarasova"]
[Black "mamonika"]
[Result "0-1"]
[WhiteElo "2235"]
[BlackElo "2000"]
[TimeControl "180+1"]
[EndTime "11:04:59 PDT"]
[Termination "mamonika won by resignation"]

1. d4 Nf6 2. c4 g6 3. Nc3 Bg7 4. e4 d6 5. h3 c5 6. d5 e6 7.
Be3 O-O 8. Bd3 exd5 9. exd5 Re8 10. Nf3 a6 11. a4 Nbd7 12. O-O Ne5 13. Nxe5 Rxe5 14. Qd2 Qa5 15. Bf4 Nh5 16. Bxe5 Bxe5 17. f4 Bd4+ 18. Kh2 Bd7 19. Rae1 Qd8 20. Ne4 Qh4 21.
Nxd6 Bxh3 22. gxh3 Qg3+ 23. Kh1 Qxh3+ 0-1

[Event "*** SCC Grand Prix: Titled Tuesday Blitz"]
[Site "Chess.com"]
[Date "2020.10.13"]
[Round "6"]
[White "Sacbutt"]
[Black "Forantes"]
[Result "0-1"]
[WhiteElo "2293"]
[BlackElo "2437"]
[TimeControl "180+1"]
[EndTime "11:05:01 PDT"]
[Termination "Forantes won by resignation"]

1. e4 c5 2. Nf3 Nc6 3. d4 cxd4 4. c3 d3 5. Bxd3 g6 6. O-O Bg7 7. c4 d6 8. Nc3 Nf6 9. h3 O-O 10. Re1 b6 11. Qd2 Bb7 12. b3 Nd7 13. Bb2 Nc5 14. Rac1 Nxd3 15. Qxd3 Re8 16. Qd2 Qd7 17. Nd5 e5 18. Rcd1 Rad8 19. Nb4 Nxb4 20. Qxb4 f5 21. Nd2 Qc6 22. f3 Bh6 23. exf5 gxf5 24. Nf1 Kf7 25.
Qc3 Rg8 26. Qd3 Qxf3 27. Qxf3 Bxf3 0-1

[Event "*** SCC Grand Prix: Titled Tuesday Blitz"]
[Site "Chess.com"]
[Date "2020.10.13"]
[Round "6"]
[White "Samantha_Ross"]
[Black "Khnykin_Nikolay"]
[Result "1-0"]
[WhiteElo "2273"]
[BlackElo "2045"]
[TimeControl "180+1"]
[EndTime "11:05:02 PDT"]
[Termination "Samantha_Ross won by checkmate"]

1. e4 e6 2. d4 d5 3. Nc3 Bb4 4. e5 c5 5. a3 Bxc3+ 6. bxc3 Nc6 7. Qg4 Kf8 8. Ne2 h6 9. Bd2 f6 10. Qf3 c4 11. Nf4 Ke7 12. Ng6+ Kd7 13. Nxh8 Nge7 14.
Nf7 Qf8 15. Nd6 b6 16. g3 Ba6 17. Bh3 Qg8 18. O-O fxe5 19. dxe5 Nxe5 20. Qe2 Kxd6 21. Bf4 Ng6 22. Rfe1 Kd7 23. Bxe5 Nxe5 24. Qxe5 Re8 25. Qxd5+ Kc7 26. Rxe6 Bb7 27. Re7+ Kb8 28. Qxb7# 1-0

[Event "*** SCC Grand Prix: Titled Tuesday Blitz"]
[Site "Chess.com"]
[Date "2020.10.13"]
[Round "6"]
[White "IvanSoriano1"]
[Black "esapunov"]
[Result "0-1"]
[WhiteElo "2502"]
[BlackElo "2651"]
[TimeControl "180+1"]
[EndTime "11:05:04 PDT"]
[Termination "esapunov won by resignation"]

1. e4 c5 2. Nf3 d6 3. d4 cxd4 4. Nxd4 Nf6 5. Nc3 Nc6 6. Bg5 e6 7. Qd2 a6 8. O-O-O h6 9. Bh4 Nxe4 10. Nxe4 Qxh4 11. f3 d5 12. Nxc6 bxc6 13. Qc3 Qf4+ 14. Kb1 Qc7 15. Nc5 e5 16. Bd3 Bd6 17. g4 O-O 18. g5 hxg5 19. Rhg1 Qe7 20. Nb3 Bd7 21. Qd2 f5 22. Rxg5 e4 23. Rdg1 Rf7 24. Be2 Be5 25. fxe4 fxe4 26. Bh5 Rf5 27. Rxf5 Bxf5 28. Nd4 Bd7 29. Ne2 Rb8 30. c3 Qf6 0-1

[Event "*** SCC Grand Prix: Titled Tuesday Blitz"]
[Site "Chess.com"]
[Date "2020.10.13"]
[Round "6"]
[White "Alindsay211"]
[Black "Kaslask"]
[Result "1-0"]
[WhiteElo "2428"]
[BlackElo "2269"]
[TimeControl "180+1"]
[EndTime "11:05:09 PDT"]
[Termination "Alindsay211 won by resignation"]

1. e4 c5 2. Nf3 e6 3. d4 cxd4 4. Nxd4 Nf6 5. Nc3 d6 6. g4 h6 7. h4 Nc6 8. Rg1 Nd7 9. g5 hxg5 10. hxg5 g6 11. Be3 a6 12. Qd2 Qc7 13. O-O-O b5 14.
Nxc6 Qxc6 15. Bd4 Rh2 16. a3 Bb7 17. Kb1 Nc5 18. Re1 Rc8 19. Bg2 Qc7 20. f4 e5 21.
Bf2 Na4 22. Nxa4 bxa4 23. Bg3 Rh7 24. Rd1 Be7 25. fxe5 dxe5 26. Bf3 Rb8 27. Rh1 Rxh1 28. Rxh1 Bc6 29. Rh8+ Bf8 30. Qc3 Rb5 31. Be2 Rc5 32.
Qxc5 1-0

[Event "*** SCC Grand Prix: Titled Tuesday Blitz"]
[Site "Chess.com"]
[Date "2020.10.13"]
[Round "6"]
[White "ailime26"]
[Black "Mbneu"]
[Result "0-1"]
[WhiteElo "1873"]
[BlackElo "2247"]
[TimeControl "180+1"]
[EndTime "11:05:14 PDT"]
[Termination "Mbneu won by resignation"]

1. e4 c5 2. Nf3 Nf6 3. d4 Nxe4 4. dxc5 Nxc5 5. Be3 e6 6. Nc3 d5 7.
Nd4 Be7 8. Be2 O-O 9. O-O a6 10. a3 e5 11. Nf3 d4 12. Nxd4 exd4 13. Bxd4 Nc6 14. Bxc5 Qxd1 15. Raxd1 Bxc5 16. Ne4 Be7 17. Bf3 Be6 18. b3 Rfd8 19. c4 Bxa3 20. Nc3 Rxd1 21.
Rxd1 Rd8 22. Bd5 Bb4 23. Ne4 Ne7 24. f4 Bxd5 25. cxd5 Rxd5 26. Re1 Bxe1 0-1

[Event "*** SCC Grand Prix: Titled Tuesday Blitz"]
[Site "Chess.com"]
[Date "2020.10.13"]
[Round "6"]
[White "teacher4chess"]
[Black "Vamostodorecto"]
[Result "0-1"]
[WhiteElo "2030"]
[BlackElo "2370"]
[TimeControl "180+1"]
[EndTime "11:05:16 PDT"]
[Termination "Vamostodorecto won by resignation"]

1. d4 Nf6 2. c4 g6 3. Nc3 d5 4.
cxd5 Nxd5 5. e4 Nxc3 6. bxc3 Bg7 7. Nf3 c5 8. Be2 O-O 9. O-O Nc6 10. Be3 b6 11. d5 Ne5 12. Rc1 e6 13. c4 exd5 14. exd5 Re8 15. Qd2 Bf5 16. Bg5 Qd7 17. Bf4 Nxf3+ 18.
Bxf3 Be4 19. Bxe4 Rxe4 20. Rfe1 Rae8 21. Rxe4 Rxe4 22. Re1 Rxc4 23. d6 Bc3 24. Qe2 Rxf4 25. Qe8+ Qxe8 26. Rxe8+ Kg7 27. d7 Bf6 28. d8=Q Bxd8 29.
Rxd8 Rd4 30. Rxd4 cxd4 31. Kf1 Kf6 32. Ke2 Ke5 33. Kd3 Kd5 34. g4 g5 35. f3 b5 36. a3 a5 37. h3 h6 0-1

[Event "*** SCC Grand Prix: Titled Tuesday Blitz"]
[Site "Chess.com"]
[Date "2020.10.13"]
[Round "6"]
[White "annacramling"]
[Black "ZverevLev"]
[Result "1-0"]
[WhiteElo "2007"]
[BlackElo "2297"]
[TimeControl "180+1"]
[EndTime "11:05:17 PDT"]
[Termination "annacramling won by resignation"]

1. d4 d5 2. c4 e6 3. Nc3 c6 4. e3 Nf6 5. Nf3 Be7 6. Bd3 dxc4 7. Bxc4 b5 8. Bd3 Bb7 9. e4 a6 10. e5 Nd5 11. Ne4 h6 12. Bd2 Nd7 13. O-O O-O 14. Rc1 Rc8 15. Bb1 f5 16. exf6 N7xf6 17. Qc2 Qb6 18.
Ne5 Rfe8 19. Nxf6+ Nxf6 20. Qg6 1-0

[Event "*** SCC Grand Prix: Titled Tuesday Blitz"]
[Site "Chess.com"]
[Date "2020.10.13"]
[Round "6"]
[White "googlegoom"]
[Black "MikeSailer"]
[Result "1-0"]
[WhiteElo "2378"]
[BlackElo "2110"]
[TimeControl "180+1"]
[EndTime "11:05:18 PDT"]
[Termination "googlegoom won by resignation"]

1. Nf3 d5 2. b3 Nf6 3. Bb2 Bf5 4. e3 e6 5. Be2 Be7 6. O-O O-O 7. d4 h6 8. Nbd2 c5 9. c4 Nbd7 10. cxd5 exd5 11. a3 b6 12. Ne5 Nxe5 13. dxe5 Ne4 14. f3 Nxd2 15. Qxd2 Qd7 16. Rfd1 Rad8 17. b4 d4 18.
exd4 cxd4 19. Qxd4 Qa4 20. Qe3 Qc2 21. Bd4 a5 22.
Rac1 Qa4 23. Bxb6 Rxd1+ 24. Bxd1 axb4 25. Bxa4 1-0

[Event "*** SCC Grand Prix: Titled Tuesday Blitz"]
[Site "Chess.com"]
[Date "2020.10.13"]
[Round "6"]
[White "penguingm1"]
[Black "Kildepiotr"]
[Result "1-0"]
[WhiteElo "2853"]
[BlackElo "2655"]
[TimeControl "180+1"]
[EndTime "11:05:19 PDT"]
[Termination "penguingm1 won by resignation"]

1. d4 Nf6 2. c4 e6 3. Nc3 Bb4 4. Qc2 d5 5. cxd5 exd5 6. Bg5 h6 7. Bh4 g5 8. Bg3 Ne4 9. e3 c6 10. Bd3 Bxc3+ 11. bxc3 Nxg3 12. hxg3 Be6 13. Nf3 Nd7 14. O-O h5 15. Rfe1 h4 16. e4 hxg3 17. fxg3 g4 18. exd5 cxd5 19. Bf5 gxf3 20. Bxe6 Qg5 21. Bxd5+ Kf8 22.
Bxf3 Qh6 23. Qf5 Nf6 24. Qf4 Qg6 25. Re5 Rd8 26. Rae1 Rg8 27. Rf5 Ne8 28. Bh5 1-0

[Event "*** SCC Grand Prix: Titled Tuesday Blitz"]
[Site "Chess.com"]
[Date "2020.10.13"]
[Round "6"]
[White "WildBizon"]
[Black "kuban1991"]
[Result "0-1"]
[WhiteElo "2630"]
[BlackElo "2819"]
[TimeControl "180+1"]
[EndTime "11:05:21 PDT"]
[Termination "kuban1991 won by resignation"]

1. e4 e6 2. d4 d5 3. Nc3 Bb4 4. exd5 exd5 5. Bd3 Ne7 6. Ne2 Nbc6 7. O-O Bg4 8. a3 Bd6 9. f3 Bh5 10. Be3 O-O 11. Nf4 Bg6 12. Nxg6 hxg6 13. Bf2 Nf5 14. Bxf5 gxf5 15. Nxd5 Bxh2+ 16. Kxh2 Qxd5 17. Re1 Rfe8 18. Qd2 Qd6+ 19. Kg1 Rad8 20. Rad1 Rxe1+ 21. Qxe1 a6 22. d5 Ne7 23. c4 Ng6 24. c5 Qf4 25. Bg3 Qc4 26.
Bxc7 Qxc5+ 27. Qf2 Qxc7 28. Qd4 Qd6 29. Re1 Nf4 30. Re5 Nxd5 31. Kf1 f4 32. b4 Ne3+ 0-1

[Event "*** SCC Grand Prix: Titled Tuesday Blitz"]
[Site "Chess.com"]
[Date "2020.10.13"]
[Round "6"]
[White "maxip32"]
[Black "anon569"]
[Result "1-0"]
[WhiteElo "2423"]
[BlackElo "2265"]
[TimeControl "180+1"]
[EndTime "11:05:22 PDT"]
[Termination "maxip32 won by resignation"]

1. e4 c5 2. Nf3 d6 3. d4 cxd4 4. Nxd4 Nf6 5. Nc3 a6 6. Be2 e6 7. O-O Qc7 8. a4 b6 9. Bf3 Bb7 10.
g3 Nbd7 11. Bg2 Be7 12. Re1 O-O 13. g4 Nc5 14. g5 Nfd7 15. f4 Rac8 16. Qh5 Rfe8 17. f5 e5 18. Nde2 Nf8 19. Ng3 Kh8 20. Qxf7 d5 21. f6 Nce6 22. fxe7 Rxe7 23. Qf2 d4 24. Nd5 Bxd5 25. exd5 Nc5 26. d6 Qxd6 27. Nf5 1-0

[Event "*** SCC Grand Prix: Titled Tuesday Blitz"]
[Site "Chess.com"]
[Date "2020.10.13"]
[Round "6"]
[White "bakki78"]
[Black "juancruzarias"]
[Result "1-0"]
[WhiteElo "2750"]
[BlackElo "2532"]
[TimeControl "180+1"]
[EndTime "11:05:26 PDT"]
[Termination "bakki78 won by resignation"]

1. e4 e6 2. d4 d5 3. Nd2 Be7 4.
e5 Nh6 5. Bd3 c5 6. c3 Nc6 7. Ndf3 cxd4 8. cxd4 Nf5 9. Ne2 Qb6 10.
O-O Bd7 11. Kh1 O-O 12. g4 Nh4 13. Nxh4 Bxh4 14. g5 Nb4 15. Bb1 Bb5 16. Be3 Qa6 17. Re1 Nd3 18. Bxd3 Bxd3 19. Nc3 Rac8 20. Qg4 Rxc3 21.
bxc3 Be4+ 22. Kg1 f5 23. Qxh4 f4 24. Bxf4 Qd3 25. Re3 Qc2 26. Bg3 g6 27. Rxe4 dxe4 28. Re1 Qxc3 29. Qxe4 Qc4 30. Qxb7 Qxa2 31. Rc1 Qd2 32.
Rc7 Qd1+ 33. Kg2 Rxf2+ 34. Bxf2 Qg4+ 35. Kf1 Qd1+ 36. Be1 Qd3+ 37. Kf2 Qxd4+ 38. Ke2 Qg4+ 39. Kd3 Qd1+ 40. Bd2 Qf1+ 41. Kc2 Qf5+ 1-0

[Event "*** SCC Grand Prix: Titled Tuesday Blitz"]
[Site "Chess.com"]
[Date "2020.10.13"]
[Round "6"]
[White "DenLaz"]
[Black "FloMasterAAK"]
[Result "1-0"]
[WhiteElo "2806"]
[BlackElo "2543"]
[TimeControl "180+1"]
[EndTime "11:05:33 PDT"]
[Termination "DenLaz won on time"]

1. d4 Nf6 2. Nf3 d5 3. c4 dxc4 4. e3 Bg4 5. Bxc4 e6 6. h3 Bh5 7. Nc3 a6 8. g4 Bg6 9. Ne5 Nbd7 10. Nxg6 hxg6 11. Bf1 c6 12. Bg2 Bd6 13. O-O e5 14. dxe5 Bxe5 15. f4 Bc7 16. e4 Nc5 17. e5 Nh7 18.
Be3 Ne6 19. Ne4 O-O 20. f5 Neg5 21. Qxd8 Bxd8 22. Nd6 f6 23. fxg6 fxe5 24. gxh7+ Nxh7 25. Nxb7 Bf6 26. Bxc6 Rfc8 27. Bd5+ Kh8 28. Nd6 Rd8 29. Nf7+ Kg8 30. Nxd8+ Kf8 31. Bxa8 Ke7 32. Nc6+ Kd6 33. Rad1+ Kc7 34. a4 Ng5 35. a5 Nxh3+ 36. Kg2 Ng5 37. Bb6+ 1-0

[Event "*** SCC Grand Prix: Titled Tuesday Blitz"]
[Site "Chess.com"]
[Date "2020.10.13"]
[Round "6"]
[White "Sashadav97"]
[Black "ASVZ"]
[Result "1-0"]
[WhiteElo "2604"]
[BlackElo "2446"]
[TimeControl "180+1"]
[EndTime "11:05:33 PDT"]
[Termination "Sashadav97 won by resignation"]

1. d4 e6 2. c4 b6 3. e4 Bb7 4. Bd3 f5 5. exf5 Bxg2 6. Qh5+ g6 7. fxg6 Bg7 8. gxh7+ Kf8 9. Bg5 Nf6 10. Qh4 Bxh1 11.
Ne2 c5 12. Nf4 Nc6 13. Nc3 Nxd4 14. Ng6+ Kf7 15. Nxh8+ Qxh8 16. O-O-O Bf3 17. Rg1 Nf5 18. Qf4 Bc6 19. Bxf5 exf5 20. Bxf6 Bxf6 21. Qxf5 Re8 22. Nd5 Re6 23. Rg8 Bxd5 24. Rxh8 Be4 25. Qh5+ Bg6 26. Rf8+ Kxf8 27. Qxg6 Bxb2+ 28. Kxb2 Rxg6 29. h8=Q+ Kf7 30. Qh7+ Rg7 31. Qf5+ Ke7 32. h4 Rf7 33. Qe5+ Kf8 34. f4 Re7 35. Qf6+ Rf7 36. Qh8+ Ke7 37. h5 d6 38. h6 Rxf4 39. h7 Rf2+ 40. Kc1 Rh2 41. Qg7+ Ke6 42. h8=Q 1-0

[Event "*** SCC Grand Prix: Titled Tuesday Blitz"]
[Site "Chess.com"]
[Date "2020.10.13"]
[Round "6"]
[White "Reader777"]
[Black "exoticprincess"]
[Result "0-1"]
[WhiteElo "2697"]
[BlackElo "2876"]
[TimeControl "180+1"]
[EndTime "11:05:34 PDT"]
[Termination "exoticprincess won by resignation"]

1. d4 d5 2. c4 c6 3. Nf3 Nf6 4.
Nc3 dxc4 5. a4 a5 6. e3 Bg4 7. Bxc4 e6 8. O-O Nbd7 9. h3 Bh5 10. Qe2 Bb4 11. Bd2 O-O 12. e4 Nb6 13. g4 Nxc4 14.
Qxc4 Bg6 15. e5 Nd5 16. Nxd5 exd5 17. Qe2 Qb6 18. Be3 Qa6 19. Qxa6 Rxa6 20. Rfc1 Rb6 21.
b3 f5 22. g5 f4 23. Bd2 Bh5 24. Bxb4 Rxb4 25. Kg2 Bxf3+ 26. Kxf3 Rxd4 27. Rd1 Rb4 28. Rd3 Kf7 29. Re1 Ke6 30. h4 Rf5 31. Kg4 Rxe5 32. Red1 Re2 0-1

[Event "*** SCC Grand Prix: Titled Tuesday Blitz"]
[Site "Chess.com"]
[Date "2020.10.13"]
[Round "6"]
[White "BillieKimbah"]
[Black "Lagmantr"]
[Result "1-0"]
[WhiteElo "2934"]
[BlackElo "2724"]
[TimeControl "180+1"]
[EndTime "11:05:36 PDT"]
[Termination "BillieKimbah won by resignation"]

1. Nf3 d5 2. e3 g6 3. c4 c6 4. d4 Bg7 5. Nc3 Nf6 6. h3 O-O 7. Bd3 Bf5 8. Bxf5 gxf5 9. O-O e6 10. b3 Ne4 11. Bb2 Nd7 12. Ne2 Qf6 13. cxd5 exd5 14. Ne5 Nxe5 15. dxe5 Qh6 16. Qd3 Rae8 17. Ba3 c5 18. f4 f6 19. Qxd5+ Kh8 20. e6 Rg8 21. Qxf5 Nd6 22. Qd5 Bf8 23. Bxc5 Qg6 24. Bxd6 Bxd6 25. Rf2 Bc7 26. Nd4 Bb6 27. Rd1 Qg3 28. Qf3 Qh4 29.
Nf5 1-0